 Dungeon Crawl Stone Soup version 0.29.1-15-g9cfb28693d (webtiles) character file.

Game seed: 16377630547871479407

1107 BuddhaDhamma the Cleaver (level 8, -2/64 HPs)
             Began as a Minotaur Berserker on Mar 9, 2023.
             Was a Priest of Trog.
             Killed from afar by Blork the orc (5 damage)
             ... with a magic dart
             ... on level 6 of the Dungeon.
             The game lasted 00:10:16 (4411 turns).

BuddhaDhamma the Cleaver (Minotaur Berserker)       Turns: 4411, Time: 00:10:16

Health: -2/64      AC: 11    Str: 24    XL:     8   Next: 11%
Magic:  7/7        EV:  8    Int:  4    God:    Trog [***...]
Gold:   155        SH:  5    Dex: 10    Spells: 7/7 levels left

rFire   . . .      SeeInvis .   q - +1 war axe
rCold   . . .      Faith    .   (no shield)
rNeg    . . .      Spirit   .   f - +1 chain mail
rPois   +          Reflect  +   p - +2 hat
rElec   .          Harm     .   (no cloak)
rCorr   .          Rampage  .   (no gloves)
Will    .....                   (no boots)
Stlth   ..........              v - amulet of reflection
HPRegen 0.20/turn               A - ring of poison resistance
MPRegen 0.10/turn               (no ring)

@: no status effects
A: horns 2, retaliatory headbutt
a: Renounce Religion, Berserk, Trog's Hand


You were on level 6 of the Dungeon.
You worshipped Trog.
Trog was most pleased with you.
You visited 1 branch of the dungeon, and saw 6 of its levels.

You collected 155 gold pieces.

Inventory:

Hand Weapons
 q - a +1 war axe (weapon)
Missiles
 z - 3 poisoned darts (quivered)
Armour
 f - a +1 chain mail (worn)
 p - a +2 hat (worn)
Jewellery
 s - a ring of magical power
 v - an amulet of reflection (around neck)
 A - a ring of poison resistance (left hand)
Wands
 y - a wand of iceblast (5)
Scrolls
 a - a scroll of amnesia
 c - 2 scrolls of immolation
 e - a scroll of blinking
Potions
 d - a potion of ambrosia {unknown}
 g - 2 potions of invisibility
 i - 2 potions of cancellation
 k - a potion of lignification {unknown}
 m - 2 potions of mutation
 n - a potion of attraction {unknown}
 o - 2 potions of curing
 t - a potion of magic {unknown}
 u - a potion of haste {unknown}
 B - a potion of resistance {unknown}


   Skills:
 - Level 3.6 Fighting
 + Level 11.9 Axes
 - Level 2.4 Armour
 - Level 2.1 Dodging


You had 7 spell levels left.
You didn't know any spells.
Your spell library was empty.

Dungeon Overview and Level Annotations

Branches:
Dungeon (6/15)
 Temple: D:4-7

Altars:
Ashenzari
Kikubaaqudgha
Makhleb
Okawaru
Qazlal
Ru
Trog
Vehumet
Wu Jian
Zin

Shops:
D:3 ?:[(*

Annotations:
D:6 Blork the orc, Maggie


Innate Abilities, Weirdness & Mutations

You have a pair of horns on your head.
You reflexively headbutt those who attack you in melee.


Message History

You hit the orc priest.
You kill the orc priest!
Trog accepts your kill.
You closely miss Maggie. You miss something.
Blork the orc points at you and mumbles some strange words.
The puff of frost hits you but does no damage.
Maggie hits you but does no damage.
You hear some strange, mumbled words.
A puff of flame appears from out of thin air!
The puff of flame reflects off an invisible shield around you!
The puff of flame hits something!
Trog accepts your kill.
Trog appreciates your killing of a magic user.
Reactivating autopickup.
You feel a bit more experienced. Blork the orc closely misses you.
Blork the orc hits you from afar with a +0 trident.
Maggie hits you with a +0 morningstar of flaming.
Maggie burns you.
Things that are here:
a +1 hand axe of electrocution; a +0 ring mail You break out of your daze.
Blork the orc closely misses you. You block Maggie's attack.
Blork the orc hits you from afar with a +0 trident.
Maggie hits you with a +0 morningstar of flaming!
* * * LOW HITPOINT WARNING * * *
Maggie burns you.
* * * LOW HITPOINT WARNING * * *
Blork the orc looks angry.
Blork the orc gestures at you while chanting.
The puff of frost hits you.
* * * LOW HITPOINT WARNING * * *
Maggie hits you but does no damage.
Blork the orc hits you with a +0 trident.
* * * LOW HITPOINT WARNING * * *
You slash Blork the orc! Your headbutt misses Blork the orc.
Blork the orc is heavily wounded.
You hit Maggie but do no damage. Blork the orc casts a spell at you.
The magic dart hits you.
You die...

..... ..... .
...... ... ......
....
..>...#####+##....
#...............
#...........#
#.....o@....#
#######<)@..##
#......)....#
#...........#
#........<..#
##########.## #.#
#.# #.#


You could see Maggie and Blork the orc (fast).

Vanquished Creatures
  The ghost of bronco the Skirmisher, a novice BaHu of Cheibriados (D:5)
  A steam dragon (D:6)
  An orc warrior (D:6)
  A phantom (D:5)
  3 orc priests
  A hound (D:4)
  2 jellies (D:5)
  2 iguanas
  3 orc wizards
  2 gnolls (D:4)
  4 adders
  A dart slug (D:3)
  4 orcs
  11 ball pythons
  7 bats
  5 endoplasms
  3 giant cockroaches
  2 goblins (D:4)
  7 hobgoblins
  5 jackals
  3 frilled lizards
  7 kobolds
  4 rats
80 creatures vanquished.

Vanquished Creatures (others)
  A jelly (D:5)
  A white imp (D:5)
2 creatures vanquished.

Grand Total: 82 creatures vanquished

Notes
Turn   | Place    | Note
-------+----------+-------------------------------------------
     0 | D:1      | BuddhaDhamma the Minotaur Berserker began the quest for the
                  | Orb.
     0 | D:1      | Reached XP level 1. HP: 19/19 MP: 0/0
   166 | D:1      | Reached skill level 4 in Axes
   419 | D:1      | Reached XP level 2. HP: 26/26 MP: 1/1
   517 | D:1      | Found a faded altar of an unknown god.
   820 | D:2      | Reached skill level 5 in Axes
   950 | D:2      | Found a burning altar of Makhleb.
   970 | D:2      | Reached XP level 3. HP: 31/31 MP: 2/2
  1075 | D:2      | Reached ** piety under Trog
  1169 | D:2      | Identified the +3 dagger of Grandeur {vorpal, rElec rC-
                  | rN+++ Int+2}
  1206 | D:3      | Found Pisuadoz's Antique Weapon Shop.
  1292 | D:3      | Found Iwnukh Jumai's Assorted Antiques.
  1512 | D:3      | Found Ynoid's Armour Emporium.
  1557 | D:3      | Found an ancient bone altar of Kikubaaqudgha.
  1655 | D:3      | Found Malos's Magic Scroll Shop.
  1729 | D:3      | Identified the +2 spear of Brawling {vorpal, rN++}
  1740 | D:3      | Found a broken altar of Ashenzari.
  1752 | D:3      | Reached skill level 6 in Axes
  1752 | D:3      | Reached XP level 4. HP: 36/39 MP: 3/3
  2079 | D:3      | Found Levvuirr's Book Shop.
  2294 | D:3      | Found a bloodstained altar of Trog.
  2389 | D:4      | Reached skill level 7 in Axes
  2389 | D:4      | Reached XP level 5. HP: 40/45 MP: 4/4
  2452 | D:4      | Found an ornate altar of the Wu Jian Council.
  2731 | D:4      | Found a stormy altar of Qazlal.
  2734 | D:4      | Identified the +10 whip of Fisom {freeze, rCorr}
  2968 | D:4      | Found a glowing silver altar of Zin.
  3216 | D:5      | Entered Level 5 of the Dungeon
  3333 | D:5      | Reached skill level 8 in Axes
  3360 | D:5      | Found a runed translucent door.
  3385 | D:5      | Reached XP level 6. HP: 40/51 MP: 5/5
  3653 | D:5      | Found a sacrificial altar of Ru.
  3755 | D:5      | Found a radiant altar of Vehumet.
  3899 | D:5      | Found an iron altar of Okawaru.
  3952 | D:5      | Reached skill level 9 in Axes
  4134 | D:5      | Noticed bronco's ghost (novice BaHu)
  4147 | D:5      | Killed bronco's ghost
  4148 | D:5      | Reached skill level 11 in Axes
  4148 | D:5      | Reached XP level 7. HP: 48/57 MP: 6/6
  4227 | D:6      | Noticed a steam dragon
  4240 | D:6      | Killed a steam dragon
  4241 | D:6      | Noticed Blork the orc
  4242 | D:6      | Noticed Maggie
  4403 | D:6      | Reached XP level 8. HP: 56/64 MP: 7/7
  4406 | D:6      | Reached *** piety under Trog
  4410 | D:6      | HP: 3/64 [Blork the orc/+0 trident (3)]
  4411 | D:6      | Killed from afar by Blork the orc

Illustrated notes

Levels and vault maps discovered:
D:1:      scummos_arrival_hexagon, layout_basic,
          shapermc_ecumenical_altar_mp_ritualfount
D:2:      layout_rooms, basic_altar, chequers_garden
D:3:      layout_loops_ring, mainiacjoe_overflow_24_doors, minitemple,
          serial_shops, nicolae_shop_behind_doors,
          nicolae_shop_advertising_works [nicolae_subvault_shop_adworks],
          nicolae_shop_waterfront, nicolae_diamond_shop, nicolae_shop_stone,
          serial_forest, infiniplex_forest_zigzag_1, infiniplex_forest_diagonal,
          infiniplex_forest_side_room, infiniplex_forest_lined_2,
          infiniplex_forest_corner_1, infiniplex_forest_lined_room_2
D:4:      layout_gridville, mainiacjoe_overflow_boulevard,
          nicolae_qazlal_scattered_showers, nzn_wu_jian_contemplation,
          palyth_stone_intersect
D:5:      layout_gridville, mainiacjoe_overflow_cross_hatched,
          mainiacjoe_overflow_paths, hangedman_ru_absence,
          ebering_ghost_reflecting_pool, lemuel_flame_loot_1
D:6:      layout_basic, mainiacjoe_overflow_surrounded_room,
          minmay_temple_entry_hall, dk_vineyard_2, uniq_maggie,
          uniq_blork_the_orc

Skill      XL: |  1  2  3  4  5  6 |
---------------+-------------------+-----
Axes           | 4 5 6 7 8 11 | 11.9
Fighting       | |  3.6
Armour         | |  2.4
Dodging        | |  2.1

Action                   |  1- 3 |  4- 6 |  7- 9 || total
-------------------------+-------+-------+-------++-------
Melee: Hand axe          |    79 |       |       ||    79
       Headbutt          |     8 |    16 |     1 ||    25
       War axe           |     9 |    82 |    17 ||   108
Throw: Dart              |       |     4 |       ||     4
Invok: Berserk           |       |     1 |       ||     1
  Use: Scroll            |       |       |    13 ||    13
       Potion            |       |       |     2 ||     2
Armor: Ring mail         |     6 |       |       ||     6
       Chain mail        |    68 |    43 |    11 ||   122
Dodge: Dodged            |    47 |    24 |     9 ||    80
Block: Other             |       |     6 |     8 ||    14
       Reflection        |       |       |     1 ||     1
